 Dungeon Crawl Stone Soup version 0.27.0-1-g7a089689b8 (webtiles) character file.

Game seed: 4721999646222107480

197 mandarbmax the Scratcher (level 5, -7/22 HPs)
             Began as a Felid Transmuter on Aug 7, 2021.
             Mangled by a scorpion (8 damage)
             ... on level 4 of the Dungeon.
             The game lasted 00:06:34 (5449 turns).

mandarbmax the Scratcher (Felid Transmuter)         Turns: 5449, Time: 00:06:35

Health: -7/22      AC:  2    Str:  6    XL:     5   Next: 46%
Magic:  7/9        EV: 20    Int: 16    God:
Gold:   296        SH:  0    Dex: 17    Spells: 5/8 levels left
                                        Lives:  0   Deaths: 1

rFire    . . .     SeeInvis +     - Unarmed
rCold    . . .     Faith    .   (shield unavailable)
rNeg     . . .     Spirit   .   (armour unavailable)
rPois    .         Reflect  .   (helmet unavailable)
rElec    .         Harm     .   (cloak unavailable)
rCorr    .         Rampage  .   (gloves unavailable)
Will     .....                  (boots unavailable)
Stlth    ++........             (no amulet)
HPRegen  0.07/turn              (no ring)
MPRegen  0.11/turn              (no ring)

@: lethally poisoned (-7 -> -16), appendages (expiring), quick
A: horns 2, very small, claws 1, fangs 3, see invisible, speed 1, shaggy fur 2,
stealthy paws, no weapons or thrown items, no armour, multi-lived
a: End Transformation


You were on level 4 of the Dungeon.
You had temporarily grown beastly horns.
You visited 1 branch of the dungeon, and saw 4 of its levels.

You collected 296 gold pieces.

Inventory:

Wands
 h - a wand of flame (10)
Scrolls
 d - a scroll of blinking
 e - a scroll of teleportation
 f - 2 scrolls of magic mapping
 g - a scroll of immolation
Potions
 i - 2 potions of heal wounds
 j - a potion of curing


   Skills:
 - Level 1.0 Fighting
 + Level 5.5 Dodging
 * Level 6.2 Unarmed Combat
 - Level 2.0 Spellcasting
 - Level 2.1 Transmutations


You had 5 spell levels left.
You knew the following spells:

 Your Spells              Type           Power      Damage    Failure   Level
a - Beastly Appendage     Tmut           16%        N/A       9%          1
b - Wereblood             Tmut           8%         N/A       13%         2

Your spell library contained the following spells:

 Spells                   Type           Power      Damage    Failure   Level
 Spider Form              Tmut/Pois      2%         N/A       36%         3
 Ice Form                 Ice/Tmut       5%         N/A       78%         4


Dungeon Overview and Level Annotations

Branches:
Dungeon (4/15)
 Temple: D:4-7

Altars:
Fedhas
Trog
Vehumet

Shops:
D:4 ?:(==

Annotations:
D:4 3 runed translucent doors, boopsy's ghost, novice DjFi; hatdisgam's ghost, amateur OgBe


Innate Abilities, Weirdness & Mutations

You have temporarily grown beastly horns.
You have sharp claws.
You have razor-sharp teeth.
You have supernaturally acute eyesight. (SInv)
You cover ground quickly. (Speed+)
You are covered in thick fur. (AC +2)
Your paws help you pounce on unaware monsters.
You are incapable of wielding weapons or throwing items.
You cannot wear armour.
You gain extra lives every three experience levels.


Message History

Found a wand of flame (15) and 21 stones.
Your transformation is almost over.
Found a book of Pain.
You closely miss the scorpion. Your headbutt misses the scorpion.
Your bite misses the scorpion. The scorpion stings you.
You scratch the scorpion.
The scorpion is moderately wounded.
The scorpion completely misses you.
You barely miss the scorpion.
You headbutt the scorpion, but do no damage.
Your bite misses the scorpion.
The scorpion is moderately wounded.
The scorpion stings you!
You are too injured to fight recklessly!
You are too injured to fight recklessly!
You are too injured to fight recklessly!
You are too injured to fight recklessly!
You are too injured to fight recklessly!
You are too injured to fight recklessly!
You are too injured to fight recklessly!
You are too injured to fight recklessly!
You are too injured to fight recklessly!
You are too injured to fight recklessly!
You are too injured to fight recklessly!
You are too injured to fight recklessly!
You are too injured to fight recklessly!
You are too injured to fight recklessly!
You are too injured to fight recklessly!
You barely miss the scorpion.
The scorpion is moderately wounded.
The scorpion stings you.
* * * LOW HITPOINT WARNING * * *
You are lethally poisoned!
The scorpion poisons you!
You scratch the scorpion but do no damage.
The scorpion is moderately wounded.
* * * LOW HITPOINT WARNING * * *
You feel very sick. The scorpion stings you!
You die...

.################################
.# *,,,...). .# ####### #,**#####
.# #(/...#**#####.* #. .#
#.....#,....##.######. .#
#.....#,....##.....##. .#
##.....#.....##<....##. .#######
#.....s#.....##.....##. .......#
#.....@'...........).(. .#####.#
#:##+#.#.....##........ ∩# #.#
*,*#.#.#..######.....∩. .#####.#
*,*#.#.#.##P⌠P.#####.## .....#.#
*,*#.#.#..#....8#* #.## .###.#.#
#,*#.#.#..#.....)###'## ...#.#.#
#.##.#.#..+.....P#....# ...#.#.#
#.........+.....⌠#....#
####.#.#######<#.#<.+....(P#....#


You could see a scorpion.

Vanquished Creatures
  A phantom (D:4)
  A water moccasin skeleton (D:4)
  Natasha (thrice) (D:4)
  2 orc wizards (D:3)
  3 adders
  2 worms (D:3)
  3 dart slugs
  11 orcs
  4 ball pythons
  2 endoplasms
  A giant cockroach (D:1)
  5 goblins
  6 hobgoblins
  6 jackals (D:1)
  5 quokkas
  A bat (D:1)
  3 frilled lizards
  6 kobolds
  5 rats
70 creatures vanquished.

Vanquished Creatures (others)
  A hobgoblin (D:4)
  8 fungi (D:3)
  5 toadstools (D:3)
  6 withered plants (D:4)
20 creatures vanquished.

Grand Total: 90 creatures vanquished

Notes
Turn   | Place    | Note
-------+----------+-------------------------------------------
     0 | D:1      | mandarbmax the Felid Transmuter began the quest for the
                  | Orb.
     0 | D:1      | Reached XP level 1. HP: 9/9 MP: 4/4
     2 | D:1      | Noticed a barachi
     4 | D:1      | Noticed a palentonga
     4 | D:1      | Noticed a human
     6 | D:1      | Noticed a djinni
     6 | D:1      | Noticed an octopode
     8 | D:1      | Noticed a ghoul
     8 | D:1      | Noticed a dwarf
    10 | D:1      | Noticed a naga
    10 | D:1      | Noticed a formicid
    13 | D:1      | Noticed an ogre
    13 | D:1      | Noticed a demonspawn
    15 | D:1      | Noticed a draconian
    15 | D:1      | Noticed a merfolk
    17 | D:1      | Noticed a tengu
    19 | D:1      | Noticed a vampire
    19 | D:1      | Noticed a demigod
    21 | D:1      | Noticed a gargoyle
    21 | D:1      | Noticed a troll
    23 | D:1      | Noticed an elf
    23 | D:1      | Noticed a minotaur
    25 | D:1      | Noticed a felid
    27 | D:1      | Noticed a spriggan
    27 | D:1      | Noticed a vine stalker
   329 | D:1      | Reached XP level 2. HP: 9/12 MP: 4/6
   507 | D:1      | Found a faded altar of an unknown god.
  1362 | D:1      | Learned a level 2 spell: Wereblood
  1890 | D:2      | Reached skill level 4 in Unarmed Combat
  1890 | D:2      | Reached XP level 3. HP: 11/15 MP: 5/7
  2777 | D:3      | Reached XP level 4. HP: 16/19 MP: 6/8
  3273 | D:3      | Reached skill level 5 in Unarmed Combat
  3422 | D:3      | Reached XP level 5. HP: 22/22 MP: 7/9
  3838 | D:4      | Found a runed translucent gate.
  3838 | D:4      | Found a runed translucent gate.
  3838 | D:4      | Found a runed translucent gate.
  3838 | D:4      | Noticed boopsy's ghost (novice DjFi)
  3838 | D:4      | Noticed hatdisgam's ghost (amateur OgBe)
  4090 | D:4      | Found a bloodstained altar of Trog.
  4094 | D:4      | Noticed Natasha
  4101 | D:4      | Killed Natasha
  4125 | D:4      | Found a blossoming altar of Fedhas.
  4134 | D:4      | Found Ginasking's Jewellery Shop.
  4212 | D:4      | Found Bubibuac's Antique Weapon Boutique.
  4248 | D:4      | Found Zoit's Magic Scroll Emporium.
  4260 | D:4      | Found a radiant altar of Vehumet.
  4269 | D:4      | Noticed a phantom
  4304 | D:4      | Found Qilarchyn's Book Emporium.
  4516 | D:4      | Killed a phantom
  4517 | D:4      | Reached skill level 5 in Dodging
  4680 | D:4      | Reached skill level 6 in Unarmed Combat
  4680 | D:4      | Gained mutation: You are covered in thick fur. (AC +2)
                  | [Felid growth]
  4680 | D:4      | Reached XP level 6. HP: 25/25 MP: 8/10
  4788 | D:4      | Found Jiqom's Jewellery Boutique.
  4801 | D:4      | Noticed Natasha
  4813 | D:4      | Killed Natasha
  4943 | D:4      | Noticed Natasha
  5232 | D:4      | HP: 1/25 [Natasha/puff of flame (6)]
  5235 | D:4      | Killed from afar by Natasha
  5236 | D:4      | Reached XP level 5. HP: -1/22 MP: 8/9
  5253 | D:4      | Killed Natasha
  5449 | D:4      | HP: 1/22 [poisoned by a scorpion]
  5449 | D:4      | Mangled by a scorpion

Illustrated notes

Levels and vault maps discovered:
D:1:      kb_arrival_jail, layout_basic, ebering_ecumenical_altar_mist,
          minmay_pentomino_o4
D:2:      layout_basic
D:3:      layout_basic, minmay_gold_behind_fungi
D:4:      layout_basic, general_overflow_altar, kennysheep_mini_moat,
          mainiacjoe_overflow_small_starburst, serial_shops, shop, shop, shop,
          shop, shop, gammafunk_ghost_cemetery, lemuel_old_faithful,
          uniq_natasha

Skill      XL: |  1  2  3  4  5 |
---------------+----------------+-----
Dodging        | 3 4 5 |  5.5
Unarmed Combat | 4 5 6 |  6.2
Fighting       | |  1.0
Spellcasting   | |  2.0
Transmutations | |  2.1

Action                   |  1- 3 |  4- 6 || total
-------------------------+-------+-------++-------
Melee: Unarmed           |   115 |   149 ||   264
       Headbutt          |    17 |    20 ||    37
       Bite              |     4 |    14 ||    18
       Punch             |     2 |     2 ||     4
 Cast: Beastly Appendage |    32 |    38 ||    70
       Wereblood         |     1 |     4 ||     5
  Use: Scroll            |       |     7 ||     7
       Potion            |       |     5 ||     5
 Stab: Sleeping          |     1 |       ||     1
Armor: Skin              |     6 |     3 ||     9
Dodge: Dodged            |    94 |   101 ||   195
